TOP OF THE 1ST |
Niagara Falls Frenzy batting - Pitching for Baffin Island Beavers : RHP Thierry Garneau
|
Pitching: RHP Thierry Garneau
|
|
Batting: RHB Jorge Cora
|
0-0: Ball 1-0: Ball 2-0: SINGLE (Groundball, 34D)
|
Batting: RHB Zander Tremblett
|
0-0: Ball 1-0: Foul Ball, location: 2F 1-1: Called Strike 1-2: Ball 2-2: Fly out, F9 (Flyball, 9D)
|
Batting: LHB Clyde Yarbrough
|
0-0: Ball 1-0: Foul Ball, location: 2F 1-1: Swinging Strike 1-2: Fly out, F7 (Flyball, 78S)
|
Batting: SHB Martín De Jesús
|
0-0: Called Strike 0-1: Ball 1-1: Ball 2-1: Fly out, F8 (Flyball, 78M)
|
Top of the 1st over - 0 run(s), 1 hit(s), 0 error(s), 1 left on base; Niagara Falls 0 - Baffin Island 0 |
BOTTOM OF THE 1ST |
Baffin Island Beavers batting - Pitching for Niagara Falls Frenzy : LHP Manuel Rodríguez
|
Pitching: LHP Manuel Rodríguez
|
|
Batting: LHB Chris Bates
|
0-0: Foul Ball, location: 2F 0-1: Called Strike 0-2: Strikes out swinging
|
Batting: SHB Alonso Ferreira
|
0-0: Called Strike 0-1: Fly out, F7 (Flyball, 78M)
|
Batting: LHB Lorenzo Villa
|
0-0: Ball 1-0: Foul Ball, location: 2F 1-1: Ground out 1-3 (Groundball, 13)
|
Bottom of the 1st over - 0 run(s), 0 hit(s), 0 error(s), 0 left on base; Niagara Falls 0 - Baffin Island 0 |
TOP OF THE 2ND |
Niagara Falls Frenzy batting - Pitching for Baffin Island Beavers : RHP Thierry Garneau
|
Batting: RHB Ángel Hinojosa
|
0-0: Ball 1-0: Called Strike 1-1: Ball 2-1: Foul Ball, location: 2F 2-2: SINGLE (Line Drive, 6D)
|
Batting: LHB Bill Hall
|
0-0: Ball 1-0: Called Strike 1-1: Ball 2-1: Ball 3-1: Base on Balls Ángel Hinojosa to second
|
Batting: RHB Tomás Estrada
|
0-0: Ball 1-0: Called Strike 1-1: Ball 2-1: Called Strike 2-2: SINGLE (Line Drive, 6M) Ángel Hinojosa to third Bill Hall to second
|
Batting: SHB Dave MacThomas
|
0-0: Called Strike 0-1: Swinging Strike 0-2: Foul Ball, location: 2F 0-2: Ball Wild Pitch! Ángel Hinojosa scores Bill Hall to third Tomás Estrada to second 1-2: Strikes out looking
|
Batting: RHB Luther Stoffels
|
0-0: Swinging Strike 0-1: Ball 1-1: Called Strike 1-2: Strikes out looking
|
Batting: RHB Jorge Cora
|
0-0: Fly out, F8 (Flyball, 8RM)
|
Top of the 2nd over - 1 run(s), 2 hit(s), 0 error(s), 2 left on base; Niagara Falls 1 - Baffin Island 0 |
BOTTOM OF THE 2ND |
Baffin Island Beavers batting - Pitching for Niagara Falls Frenzy : LHP Manuel Rodríguez
|
Batting: RHB Tony Morton
|
0-0: Called Strike 0-1: Ball 1-1: Swinging Strike 1-2: Ball 2-2: Fly out, F9 (Flyball, 9S)
|
Batting: RHB Dave Craig
|
0-0: Ball 1-0: Called Strike 1-1: Foul Ball, location: 2F 1-2: Ball 2-2: Ball 3-2: Foul Ball, location: 2F 3-2: Ground out 5-3 (Groundball, 5)
|
Batting: RHB Raúl Soto
|
0-0: Fly out, F7 (Line Drive, 78D)
|
Bottom of the 2nd over - 0 run(s), 0 hit(s), 0 error(s), 0 left on base; Niagara Falls 1 - Baffin Island 0 |
TOP OF THE 3RD |
Niagara Falls Frenzy batting - Pitching for Baffin Island Beavers : RHP Thierry Garneau
|
Batting: RHB Zander Tremblett
|
0-0: SINGLE (Groundball, 34D)
|
Batting: LHB Clyde Yarbrough
|
0-0: Called Strike 0-1: Fly out, F6 (Line Drive, 6)
|
Batting: SHB Martín De Jesús
|
0-0: Ball 1-0: Foul Ball, location: 2F 1-1: Fly out, F7 (Flyball, 7LS)
|
Batting: RHB Ángel Hinojosa
|
0-0: Ball 1-0: 2-RUN HOME RUN (Flyball, 7LD), Distance : 364 ft
|
Batting: LHB Bill Hall
|
0-0: Ball 1-0: DOUBLE (Groundball, 3L)
|
Batting: RHB Tomás Estrada
|
0-0: Fly out, F8 (Flyball, 8RM)
|
Top of the 3rd over - 2 run(s), 3 hit(s), 0 error(s), 1 left on base; Niagara Falls 3 - Baffin Island 0 |
BOTTOM OF THE 3RD |
Baffin Island Beavers batting - Pitching for Niagara Falls Frenzy : LHP Manuel Rodríguez
|
Batting: LHB Mike MacFadden
|
0-0: Ball 1-0: Foul Ball, location: 2F 1-1: Fly out, F9 (Flyball, 9S)
|
Batting: LHB Norberto Muńóz
|
0-0: Ball 1-0: Bunt for hit - play at first, batter OUT! 3-4
|
Batting: LHB Howard Evans
|
0-0: Ball 1-0: Called Strike 1-1: Ball 2-1: Foul Ball, location: 2F 2-2: Foul Ball, location: 2F 2-2: Foul Ball, location: 2F 2-2: Foul Ball, location: 2F 2-2: Ball 3-2: SINGLE (Line Drive, 78S)
|
Batting: LHB Chris Bates
|
0-0: Called Strike 0-1: Foul Ball, location: 2F 0-2: Ball 1-2: Fielders Choice at 2nd, 4-6 (Groundball, 4)
|
Bottom of the 3rd over - 0 run(s), 1 hit(s), 0 error(s), 0 left on base; Niagara Falls 3 - Baffin Island 0 |
TOP OF THE 4TH |
Niagara Falls Frenzy batting - Pitching for Baffin Island Beavers : RHP Thierry Garneau
|
Batting: SHB Dave MacThomas
|
0-0: Swinging Strike 0-1: Called Strike 0-2: Strikes out looking
|
Batting: RHB Luther Stoffels
|
0-0: Ball 1-0: Foul Ball, location: 2F 1-1: Ball 2-1: SINGLE (Groundball, 34D)
|
Batting: RHB Jorge Cora
|
0-0: Fly out, F8 (Line Drive, 8LD)
|
Batting: RHB Zander Tremblett
|
0-0: Ball Luther Stoffels steals 2nd base 1-0: Ball 2-0: SINGLE (Groundball, 6MD) Luther Stoffels to third Runner from 3rd tries for Home, SAFE, no throw
|
Batting: LHB Clyde Yarbrough
|
0-0: Fly out, F7 (Flyball, 7S)
|
Top of the 4th over - 1 run(s), 2 hit(s), 0 error(s), 1 left on base; Niagara Falls 4 - Baffin Island 0 |
BOTTOM OF THE 4TH |
Baffin Island Beavers batting - Pitching for Niagara Falls Frenzy : LHP Manuel Rodríguez
|
Batting: SHB Alonso Ferreira
|
0-0: Called Strike 0-1: Called Strike 0-2: Ball 1-2: Foul Ball, location: 2F 1-2: SINGLE (Groundball, 34D)
|
Batting: LHB Lorenzo Villa
|
0-0: Fly out, F9 (Flyball, 9LS)
|
Batting: RHB Tony Morton
|
0-0: Swinging Strike 0-1: Ball 1-1: Foul Ball, location: 2F 1-2: Strikes out swinging
|
Batting: RHB Dave Craig
|
0-0: Called Strike 0-1: SINGLE (Groundball, 4MD) Alonso Ferreira to second Runner from 2nd tries for 3rd, SAFE, no throw
|
Batting: RHB Raúl Soto
|
0-0: Called Strike 0-1: Called Strike 0-2: Ball 1-2: Foul Ball, location: 2F 1-2: Strikes out swinging
|
Bottom of the 4th over - 0 run(s), 2 hit(s), 0 error(s), 2 left on base; Niagara Falls 4 - Baffin Island 0 |
TOP OF THE 5TH |
Niagara Falls Frenzy batting - Pitching for Baffin Island Beavers : RHP Thierry Garneau
|
Batting: SHB Martín De Jesús
|
0-0: Ball 1-0: Foul Ball, location: 2F 1-1: Ball 2-1: Ball 3-1: SINGLE (Line Drive, 6MD)
|
Batting: RHB Ángel Hinojosa
|
0-0: Called Strike 0-1: Swinging Strike 0-2: Foul Ball, location: 2F 0-2: Ball 1-2: Ball 2-2: Foul Ball, location: 2F 2-2: 2-RUN HOME RUN (Line Drive, 7LD), Distance : 387 ft
|
Pitching: RHP Nathan Walters
|
|
Batting: LHB Bill Hall
|
0-0: Foul Ball, location: 2F 0-1: Fly out, F6 (Popup, 56)
|
Batting: RHB Tomás Estrada
|
0-0: Ball 1-0: Swinging Strike 1-1: Ground out 5-3 (Groundball, 56)
|
Batting: SHB Dave MacThomas
|
0-0: Ball 1-0: Fly out, F9 (Flyball, 9S)
|
Top of the 5th over - 2 run(s), 2 hit(s), 0 error(s), 0 left on base; Niagara Falls 6 - Baffin Island 0 |
BOTTOM OF THE 5TH |
Baffin Island Beavers batting - Pitching for Niagara Falls Frenzy : LHP Manuel Rodríguez
|
Batting: LHB Mike MacFadden
|
0-0: SINGLE (Groundball, 6MD)
|
Batting: LHB Norberto Muńóz
|
0-0: Called Strike 0-1: Foul Ball, location: 2F 0-2: Ball 1-2: DOUBLE (Groundball, 5L) Mike MacFadden to third
|
Batting: LHB Howard Evans
|
0-0: Ball 1-0: Ball 2-0: Foul Ball, location: 2F 2-1: Called Strike 2-2: Ground out 6-3 (Groundball, 6) Mike MacFadden scores
|
Batting: LHB Chris Bates
|
0-0: Fly out, F8 (Line Drive, 8LD)
|
Batting: SHB Alonso Ferreira
|
0-0: Swinging Strike 0-1: Ball 1-1: Foul Ball, location: 2F 1-2: Ball 2-2: Ground out 4-3 (Groundball, 4)
|
Bottom of the 5th over - 1 run(s), 2 hit(s), 0 error(s), 1 left on base; Niagara Falls 6 - Baffin Island 1 |
TOP OF THE 6TH |
Niagara Falls Frenzy batting - Pitching for Baffin Island Beavers : RHP Nathan Walters
|
Batting: RHB Luther Stoffels
|
0-0: Ball 1-0: Fly out, F8 (Flyball, 78D)
|
Batting: RHB Jorge Cora
|
0-0: Foul Ball, location: 2F 0-1: Called Strike 0-2: Fly out, F7 (Line Drive, 78M)
|
Batting: RHB Zander Tremblett
|
0-0: Fly out, F8 (Flyball, 8RD)
|
Top of the 6th over - 0 run(s), 0 hit(s), 0 error(s), 0 left on base; Niagara Falls 6 - Baffin Island 1 |
BOTTOM OF THE 6TH |
Baffin Island Beavers batting - Pitching for Niagara Falls Frenzy : LHP Manuel Rodríguez
|
Batting: LHB Lorenzo Villa
|
0-0: SINGLE (Line Drive, 9LS)
|
Batting: RHB Tony Morton
|
0-0: Swinging Strike 0-1: Fly out, F9 (Flyball, 9S)
|
Batting: RHB Dave Craig
|
0-0: Foul Ball, location: 2F 0-1: Ball 1-1: Ball 2-1: Called Strike 2-2: Fielders Choice at 2nd, 1-4 (Groundball, 15S)
|
Batting: RHB Raúl Soto
|
0-0: Called Strike 0-1: Foul Ball, location: 2F 0-2: Ball 1-2: Fielders Choice at 2nd, 6-4 (Groundball, 6)
|
Bottom of the 6th over - 0 run(s), 1 hit(s), 0 error(s), 0 left on base; Niagara Falls 6 - Baffin Island 1 |
TOP OF THE 7TH |
Niagara Falls Frenzy batting - Pitching for Baffin Island Beavers : RHP Nathan Walters
|
Batting: LHB Clyde Yarbrough
|
0-0: Foul Ball, location: 2F 0-1: Ball 1-1: Ball 2-1: Swinging Strike 2-2: Foul Ball, location: 2F 2-2: Foul Ball, location: 2F 2-2: Foul Ball, location: 2F 2-2: Ball 3-2: Base on Balls
|
Batting: SHB Martín De Jesús
|
0-0: Ball 1-0: DOUBLE (Flyball, 7LM) Clyde Yarbrough to third
|
Batting: RHB Ángel Hinojosa
|
0-0: Ball 1-0: Fly out, F7 (Flyball, 7S)
|
Batting: LHB Bill Hall
|
0-0: Ball 1-0: Called Strike 1-1: Ground out U3 (Groundball, 3L)
|
Batting: RHB Tomás Estrada
|
0-0: Called Strike 0-1: Fly out, F8 (Flyball, 8RD)
|
Top of the 7th over - 0 run(s), 1 hit(s), 0 error(s), 2 left on base; Niagara Falls 6 - Baffin Island 1 |
BOTTOM OF THE 7TH |
Baffin Island Beavers batting - Pitching for Niagara Falls Frenzy : LHP Manuel Rodríguez
|
Batting: LHB Mike MacFadden
|
0-0: Fly out, F8 (Flyball, 78M)
|
Batting: LHB Norberto Muńóz
|
0-0: Ground out U3 (Groundball, 3)
|
Batting: LHB Howard Evans
|
0-0: Fly out, F2 (Popup, 13S)
|
Bottom of the 7th over - 0 run(s), 0 hit(s), 0 error(s), 0 left on base; Niagara Falls 6 - Baffin Island 1 |
TOP OF THE 8TH |
Niagara Falls Frenzy batting - Pitching for Baffin Island Beavers : RHP Nathan Walters
|
Batting: SHB Dave MacThomas
|
0-0: Foul Ball, location: 2F 0-1: Foul Ball, location: 2F 0-2: Ball 1-2: Ball 2-2: Fly out, F8 (Flyball, 8LM)
|
Batting: RHB Luther Stoffels
|
0-0: Called Strike 0-1: Swinging Strike 0-2: Strikes out looking
|
Batting: RHB Jorge Cora
|
0-0: Ball 1-0: Ball 2-0: Foul Ball, location: 2F 2-1: Called Strike 2-2: Ball 3-2: Strikes out swinging
|
Top of the 8th over - 0 run(s), 0 hit(s), 0 error(s), 0 left on base; Niagara Falls 6 - Baffin Island 1 |
BOTTOM OF THE 8TH |
Baffin Island Beavers batting - Pitching for Niagara Falls Frenzy : LHP Manuel Rodríguez
|
Now in CF: Jung-ha Kim
|
|
Batting: LHB Chris Bates
|
0-0: Foul Ball, location: 2F 0-1: SINGLE (Groundball, 4MD)
|
Batting: SHB Alonso Ferreira
|
0-0: Ball 1-0: Ball 2-0: Called Strike 2-1: Foul Ball, location: 2F 2-2: Ball 3-2: Base on Balls Chris Bates to second
|
Pitching: RHP Mark Head
|
|
Batting: LHB Lorenzo Villa
|
0-0: Ball 1-0: Grounds into double play, 1-4-3 (Groundball, 15S) Chris Bates to third
|
Batting: RHB Tony Morton
|
0-0: Fly out, F7 (Flyball, 7)
|
Bottom of the 8th over - 0 run(s), 1 hit(s), 0 error(s), 1 left on base; Niagara Falls 6 - Baffin Island 1 |
TOP OF THE 9TH |
Niagara Falls Frenzy batting - Pitching for Baffin Island Beavers : RHP Nathan Walters
|
Batting: RHB Zander Tremblett
|
0-0: Ball 1-0: Fly out, F7 (Flyball, 7)
|
Batting: LHB Clyde Yarbrough
|
0-0: Ball 1-0: Foul Ball, location: 2F 1-1: Fly out, F7 (Flyball, 7)
|
Batting: SHB Martín De Jesús
|
0-0: Ball 1-0: Ground out 1-3 (Groundball, 13S)
|
Top of the 9th over - 0 run(s), 0 hit(s), 0 error(s), 0 left on base; Niagara Falls 6 - Baffin Island 1 |
BOTTOM OF THE 9TH |
Baffin Island Beavers batting - Pitching for Niagara Falls Frenzy : RHP Mark Head
|
Now at 2B: Ramiro Gámez
|
|
Batting: RHB Dave Craig
|
0-0: Ball 1-0: Foul Ball, location: 2F 1-1: Ground out 4-3 (Groundball, 4)
|
Batting: RHB Raúl Soto
|
0-0: Foul Ball, location: 2F 0-1: Fly out, F8 (Flyball, 89M)
|
Batting: LHB Mike MacFadden
|
0-0: Called Strike 0-1: Foul Ball, location: 2F 0-2: Strikes out swinging
|
Bottom of the 9th over - 0 run(s), 0 hit(s), 0 error(s), 0 left on base; Niagara Falls 6 - Baffin Island 1 |
|